Diables vs Harfangs
(R1)
Created - 11 octobre 2015 at 22:36
Goals
|
| Diables |
1 |
1 |
0 |
2 |
| Harfangs |
1 |
0 |
3 |
4 |
|
Shots
|
| Diables |
13 |
10 |
9 |
32 |
| Harfangs |
8 |
4 |
17 |
29 |
|
1st period
1. Harfangs , Craig Smith 2 (Peter Olvecky) at 1:26
2. Diables , Steve Quailer 2 (Pierre-Cédric Labrie, Kellan Lain) at 17:35
Penalties :
Dylan Olsen (BEA) for Tripping (Minor) at 6:58
2nd period
3. Diables , Tomas Kubalik 1 (Jamie Arniel) at 12:04
Penalties :
Craig Smith (BEA) for Hooking (Minor) at 3:16, Lukas Krajicek (Alm) for Hooking (Minor) at 17:40
3rd period
4. Harfangs , Chris Kreider 2 (Brian Lashoff, Mike Hoffman) at 3:11
5. Harfangs , Petri Kontiola 2 (Kyle Palmieri, Victor Bartley) at 11:15
6. Harfangs , Emerson Etem 1 (Peter Olvecky, Craig Smith) at 14:00
Penalties :
Mike Hoffman (BEA) for Hooking (Minor) at 0:26, Lukas Krajicek (Alm) for High sticking (Minor) at 4:45, Craig Smith (BEA) for Roughing (Minor) at 10:36, Damien Brunner (Alm) for Roughing (Minor) at 10:59, Damien Brunner (Alm) for Tripping (Minor) at 15:00, Peter Olvecky (BEA) for Tripping (Minor) at 18:35
Goalie Stats
Jean-Francois Berube (Alm), 25 saves from 29 shots - (0,862), L, 0-2-0, 60:00 minutes
Darcy Kuemper (BEA), 30 saves from 32 shots - (0,938), W, 2-1-0, 60:00 minutes
Players Stats for Diables
Player Name G A P +/- PIM S H SB GA TA FO MP PP MP PK MP
------------------------------------------------------------------------------------
Brett Maclean 0 0 0 -1 0 0 1 1 2 0 4/12 23:18 4:26 3:22
Brian Dumoulin 0 0 0 0 0 3 1 0 0 0 0/0 15:37 0:00 1:50
Damien Brunner 0 0 0 0 4 3 4 0 1 0 0/0 19:40 4:25 0:56
Dustin Kohn 0 0 0 -2 0 1 0 1 0 0 0/0 22:47 4:53 3:21
J.T. Brown 0 0 0 0 0 1 1 1 0 0 0/0 8:52 0:00 0:00
Jamie Arniel 0 1 1 1 0 2 3 0 0 0 3/4 10:32 0:00 0:00
Josh Meyers 0 0 0 0 0 1 2 1 0 0 0/0 13:45 0:00 0:03
Kellan Lain 0 1 1 -2 0 1 2 0 1 1 3/7 16:34 3:18 1:58
Louis Leblanc 0 0 0 0 0 1 1 0 0 0 1/3 8:55 0:00 0:03
Lukas Krajicek 0 0 0 -3 4 2 3 1 0 1 0/0 25:09 4:53 1:10
Marc-André Bourdon 0 0 0 -1 0 0 1 0 0 0 0/0 5:48 0:00 1:12
Matt Jones 0 0 0 1 0 2 1 0 0 1 0/0 18:28 2:51 2:32
Patrick Maroon 0 0 0 1 0 0 1 0 0 0 0/0 11:36 0:00 2:00
Pavel Valentenko 0 0 0 1 0 0 1 1 0 1 0/0 18:28 2:51 2:32
Pierre-Cédric Labrie 0 1 1 -2 0 4 1 0 0 0 0/0 14:45 3:18 0:00
Steve Quailer 1 0 1 -2 0 6 1 0 0 0 0/1 14:45 3:18 0:00
Taylor Beck 0 0 0 0 0 2 2 0 0 0 1/1 9:51 0:00 0:58
Tomas Kubalik 1 0 1 1 0 1 1 0 0 0 0/0 9:50 0:00 0:00
Tyler Bozak 0 0 0 -1 0 2 2 0 0 0 12/27 23:19 4:26 3:23
Players Stats for Harfangs
Player Name G A P +/- PIM S H SB GA TA FO MP PP MP PK MP
------------------------------------------------------------------------------------
Alexandre Picard 0 0 0 1 0 5 2 2 0 1 0/0 26:49 2:52 4:26
Andrew Orpik 0 0 0 -1 0 0 0 1 1 1 0/0 20:41 3:28 3:49
Brian Lashoff 0 1 1 2 0 2 3 1 0 0 0/0 12:53 0:00 0:04
Brock Nelson 0 0 0 0 0 2 0 0 0 0 9/12 14:40 2:58 0:54
Calle Jarnkrok 0 0 0 -1 0 0 1 0 0 0 5/10 11:54 0:00 0:40
Chris Kreider 1 0 1 1 0 2 3 1 1 0 0/1 17:24 2:58 3:39
Craig Smith 1 1 2 1 4 5 0 0 0 0 6/11 14:29 0:23 2:40
Dustin Jeffrey 0 0 0 -1 0 1 1 0 0 0 0/0 11:14 0:00 0:00
Dylan Olsen 0 0 0 -1 2 0 3 6 0 0 0/0 25:27 3:28 2:41
Emerson Etem 1 0 1 1 0 1 1 0 0 0 1/2 11:09 0:00 0:00
Kyle Palmieri 0 1 1 1 0 4 3 0 0 0 1/2 15:20 3:22 0:00
Mike Hoffman 0 1 1 0 2 2 1 0 1 0 0/0 11:59 0:00 0:00
Peter Olvecky 0 2 2 1 2 1 1 0 0 0 0/0 11:28 0:00 0:20
Petri Kontiola 1 0 1 2 0 2 0 1 0 0 8/15 19:23 3:22 3:16
Reid McNeill 0 0 0 2 0 0 2 0 0 0 0/0 13:35 0:01 0:37
Stefan Ruzicka 0 0 0 0 0 2 1 0 0 0 1/1 13:42 2:58 0:00
Tomas Tatar 0 0 0 0 0 0 3 0 0 1 0/1 17:53 2:59 3:59
Victor Bartley 0 1 1 1 0 0 1 2 1 1 0/0 20:35 2:51 3:51
3 Stars
1 - Chris Kreider (BEA)
2 - Petri Kontiola (BEA)
3 - Brian Lashoff (BEA)
Power Play
Diables - 0 on 5 Attempt(s) - 0,00%
Harfangs - 0 on 5 Attempt(s) - 0,00%
Penalty Kill
Diables - 5 on 5 Attempt(s) - 100,00%
- Score 0 goal in Penalty Kill
Harfangs - 5 on 5 Attempt(s) - 100,00%
- Score 0 goal in Penalty Kill
Team Stat
Diables - Hits : 29 - Faceoff Wins : 24 - Blocked Shots : 6 - Penalty Minutes : 8
Harfangs - Hits : 26 - Faceoff Wins : 31 - Blocked Shots : 14 - Penalty Minutes : 10
Official
Referees : Kozari Steve and Meier Brad
Linesman : Scott Driscoll and Tim Nowak
Game Notes
14:43 of 3rd period - Penalty Shot by Lukas Krajicek for Diables - Stopped by Darcy Kuemper
Finance
Level 1 -- Attendance: 1577 (78,85%) -- Ticket Income 47 310 $
Level 2 -- Attendance: 686 (68,60%) -- Ticket Income 10 290 $
Total Attendance: 2263 (75,43%)
Total Ticket Income: 57 600 $
Other Income: 2 880 $
Total Income: 60 480 $
Diables
5 vs 5 Forward
Center Left Wing Right Wing Time % Phy DF OF
1 Tyler Bozak Brett Maclean Damien Brunner 40 1 2 2
2 Kellan Lain Pierre-Cédric Labrie Steve Quailer 30 1 2 2
3 Jamie Arniel Patrick Maroon Tomas Kubalik 20 1 2 2
4 Louis Leblanc Taylor Beck J.T. Brown 10 1 2 2
5 vs 5 Defense
Defense Defense Time % Phy DF OF
1 Lukas Krajicek Dustin Kohn 40 1 2 2
2 Matt Jones Pavel Valentenko 30 1 2 2
3 Josh Meyers Brian Dumoulin 20 1 2 2
4 Marc-André Bourdon Lukas Krajicek 10 1 2 2
PowerPlay Forward
Center Left Wing Right Wing Time % Phy DF OF
1 Tyler Bozak Brett Maclean Damien Brunner 60 1 2 2
2 Kellan Lain Pierre-Cédric Labrie Steve Quailer 40 1 2 2
PowerPlay Defense
Defense Defense Time % Phy DF OF
1 Lukas Krajicek Dustin Kohn 60 1 2 2
2 Matt Jones Pavel Valentenko 40 1 2 2
Penalty Kill 4 Players Forward
Center Wing Time % Phy DF OF
1 Brett Maclean Tyler Bozak 60 1 2 2
2 Damien Brunner Kellan Lain 40 1 2 2
Penalty Kill 4 Players Defense
Defense Defense Time % Phy DF OF
1 Lukas Krajicek Dustin Kohn 60 1 2 2
2 Matt Jones Pavel Valentenko 40 1 2 2
Penalty Kill - 3 Players Forward
Forward Time % Phy DF OF
1 Brett Maclean 60 1 2 2
2 Tyler Bozak 40 1 2 2
Penalty Kill - 3 Players Defense
Defense Defense Time % Phy DF OF
1 Lukas Krajicek Dustin Kohn 60 1 2 2
2 Matt Jones Pavel Valentenko 40 1 2 2
4 vs 4 Forward
Center Wing Time % Phy DF OF
1 Brett Maclean Tyler Bozak 60 1 2 2
2 Damien Brunner Kellan Lain 40 1 2 2
4 vs 4 Defense
Defense Defense Time % Phy DF OF
1 Lukas Krajicek Dustin Kohn 60 1 2 2
2 Matt Jones Pavel Valentenko 40 1 2 2
Last Minutes Offensive
Center Left Wing Right Wing Defense Defense
Tyler Bozak Brett Maclean Damien Brunner Lukas Krajicek Dustin Kohn
Last Minutes Defensive
Center Left Wing Right Wing Defense Defense
Tyler Bozak Brett Maclean Damien Brunner Lukas Krajicek Dustin Kohn
Goaltenders
Starting : Jean-Francois Berube
Backup : Marek Mazanek
Extra Forwards
Normal : Jamie Arniel, Tomas Kubalik, Patrick Maroon - PP : Jamie Arniel, Tomas Kubalik - PK : Patrick Maroon
Extra Defensemen
Normal : Josh Meyers, Brian Dumoulin, Marc-André Bourdon - PP : Josh Meyers - PK : Brian Dumoulin, Marc-André Bourdon
Penalty Shots
Brett Maclean, Tyler Bozak, Damien Brunner, Kellan Lain, Jamie Arniel
Harfangs
5 vs 5 Forward
Center Left Wing Right Wing Time % Phy DF OF
1 Brock Nelson Chris Kreider Stefan Ruzicka 25 1 2 2
2 Petri Kontiola Tomas Tatar Kyle Palmieri 25 1 2 2
3 Craig Smith Peter Olvecky Emerson Etem 25 1 2 2
4 Calle Jarnkrok Dustin Jeffrey Mike Hoffman 25 1 2 2
5 vs 5 Defense
Defense Defense Time % Phy DF OF
1 Alexandre Picard Victor Bartley 25 1 2 2
2 Andrew Orpik Dylan Olsen 25 1 2 2
3 Brian Lashoff Reid McNeill 25 1 2 2
4 Alexandre Picard Dylan Olsen 25 1 2 2
PowerPlay Forward
Center Left Wing Right Wing Time % Phy DF OF
1 Brock Nelson Chris Kreider Stefan Ruzicka 50 1 2 2
2 Petri Kontiola Tomas Tatar Kyle Palmieri 50 1 2 2
PowerPlay Defense
Defense Defense Time % Phy DF OF
1 Alexandre Picard Victor Bartley 50 1 2 2
2 Andrew Orpik Dylan Olsen 50 1 2 2
Penalty Kill 4 Players Forward
Center Wing Time % Phy DF OF
1 Petri Kontiola Chris Kreider 50 1 2 2
2 Craig Smith Tomas Tatar 50 1 2 2
Penalty Kill 4 Players Defense
Defense Defense Time % Phy DF OF
1 Alexandre Picard Victor Bartley 50 1 2 2
2 Andrew Orpik Dylan Olsen 50 1 2 2
Penalty Kill - 3 Players Forward
Forward Time % Phy DF OF
1 Petri Kontiola 50 1 2 2
2 Craig Smith 50 1 2 2
Penalty Kill - 3 Players Defense
Defense Defense Time % Phy DF OF
1 Alexandre Picard Victor Bartley 50 1 2 2
2 Andrew Orpik Dylan Olsen 50 1 2 2
4 vs 4 Forward
Center Wing Time % Phy DF OF
1 Brock Nelson Stefan Ruzicka 50 1 2 2
2 Petri Kontiola Kyle Palmieri 50 1 2 2
4 vs 4 Defense
Defense Defense Time % Phy DF OF
1 Alexandre Picard Victor Bartley 50 1 2 2
2 Andrew Orpik Dylan Olsen 50 1 2 2
Last Minutes Offensive
Center Left Wing Right Wing Defense Defense
Petri Kontiola Chris Kreider Stefan Ruzicka Alexandre Picard Victor Bartley
Last Minutes Defensive
Center Left Wing Right Wing Defense Defense
Petri Kontiola Chris Kreider Stefan Ruzicka Brian Lashoff Alexandre Picard
Goaltenders
Starting : Darcy Kuemper
Backup : Mark Visentin
Extra Forwards
Normal : Stefan Ruzicka, Chris Kreider, Peter Olvecky - PP : Stefan Ruzicka, Peter Olvecky - PK : Chris Kreider
Extra Defensemen
Normal : Alexandre Picard, Victor Bartley, Andrew Orpik - PP : Victor Bartley - PK : Alexandre Picard, Andrew Orpik
Penalty Shots
Craig Smith, Tomas Tatar, Petri Kontiola, Dustin Jeffrey, Kyle Palmieri
% Time on Ice - Diables
Lines # - Real PCT - Wanted PCT - Time Play
Normal Forward
1 - 33% - 40% - 14:25
2 - 26% - 30% - 11:27
3 - 22% - 20% - 9:36
4 - 20% - 10% - 8:52
Normal Defense
1 - 30% - 40% - 13:28
2 - 29% - 30% - 12:43
3 - 31% - 20% - 13:38
4 - 10% - 10% - 4:31
PP Forward
1 - 57% - 60% - 4:26
2 - 43% - 40% - 3:18
PP Defense
1 - 63% - 60% - 4:53
2 - 37% - 40% - 2:51
PK Forward
1 - 71% - 60% - 4:31
2 - 29% - 40% - 1:49
PK Defense
1 - 60% - 60% - 3:48
2 - 40% - 40% - 2:32
PK3 Forward
1 - 0% - 60%
2 - 0% - 40%
PK3 Defense
1 - 0% - 60%
2 - 0% - 40%
44 Forward
1 - 83% - 60% - 1:20
2 - 17% - 40% - 0:16
44 Defense
1 - 77% - 60% - 1:14
2 - 23% - 40% - 0:22
Last Minute Offensive - 0:00
Last Minute Defensive - 0:00
Total
Forward - 60:00
Defense - 60:00
|
% Time on Ice - Harfangs
Lines # - Real PCT - Wanted PCT - Time Play
Normal Forward
1 - 24% - 25% - 10:47
2 - 25% - 25% - 11:10
3 - 25% - 25% - 11:09
4 - 25% - 25% - 11:14
Normal Defense
1 - 27% - 25% - 12:09
2 - 29% - 25% - 12:46
3 - 29% - 25% - 12:48
4 - 15% - 25% - 6:37
PP Forward
1 - 47% - 50% - 2:58
2 - 53% - 50% - 3:22
PP Defense
1 - 45% - 50% - 2:52
2 - 55% - 50% - 3:28
PK Forward
1 - 44% - 50% - 3:23
2 - 56% - 50% - 4:21
PK Defense
1 - 50% - 50% - 3:51
2 - 50% - 50% - 3:53
PK3 Forward
1 - 0% - 50%
2 - 0% - 50%
PK3 Defense
1 - 0% - 50%
2 - 0% - 50%
44 Forward
1 - 46% - 50% - 0:44
2 - 54% - 50% - 0:52
44 Defense
1 - 59% - 50% - 0:57
2 - 41% - 50% - 0:39
Last Minute Offensive - 0:00
Last Minute Defensive - 0:00
Total
Forward - 60:00
Defense - 60:00
|
Play by Play
1st period
0:01 of 1st period - Brock Nelson wins face-off versus Tyler Bozak in neutral zone.
0:26 of 1st period - Victor Bartley is hit by Lukas Krajicek and loses puck.
0:37 of 1st period - Wrist shot by Steve Quailer.
0:37 of 1st period - Stopped by Darcy Kuemper without a rebound.
0:38 of 1st period - Jamie Arniel wins face-off versus Craig Smith in Harfangs zone.
0:41 of 1st period - Snap shot by Jamie Arniel.
0:41 of 1st period - Shot Blocked by Andrew Orpik.
0:45 of 1st period - Snap shot by Jamie Arniel.
0:45 of 1st period - Stopped by Darcy Kuemper with a rebound.
0:51 of 1st period - Backhand shot by Jamie Arniel.
0:51 of 1st period - Stopped by Darcy Kuemper without a rebound.
0:52 of 1st period - Calle Jarnkrok wins face-off versus Louis Leblanc in Harfangs zone.
1:02 of 1st period - Brian Lashoff is hit by Josh Meyers and loses puck.
1:26 of 1st period - Snap shot by Craig Smith.
1:26 of 1st period - Goal by Craig Smith - Diables : 0 - Harfangs : 1.
1:27 of 1st period - Petri Kontiola wins face-off versus Brett Maclean in neutral zone.
2:21 of 1st period - Brian Dumoulin is hit by Mike Hoffman.
2:25 of 1st period - Alexandre Picard is hit by Brian Dumoulin and loses puck.
2:38 of 1st period - Craig Smith is hit by Damien Brunner and loses puck.
3:07 of 1st period - Taylor Beck is hit by Chris Kreider and loses puck.
3:22 of 1st period - Slapshot by Lukas Krajicek.
3:22 of 1st period - Deflect By Petri Kontiola.
3:22 of 1st period - Stopped by Darcy Kuemper with a rebound.
3:44 of 1st period - Jamie Arniel is hit by Dylan Olsen and loses puck.
3:50 of 1st period - Off-side.
3:51 of 1st period - Tyler Bozak wins face-off versus Calle Jarnkrok in neutral zone.
4:18 of 1st period - Slapshot by J.T. Brown.
4:18 of 1st period - Deflect By Taylor Beck.
4:18 of 1st period - Stopped by Darcy Kuemper with a rebound.
4:20 of 1st period - Snap shot by Pavel Valentenko.
4:20 of 1st period - Shot Blocked by Dylan Olsen.
4:22 of 1st period - Wrist shot by J.T. Brown.
4:22 of 1st period - Shot Misses the Net.
4:24 of 1st period - Snap shot by Louis Leblanc.
4:24 of 1st period - Shot Hit the Post.
4:26 of 1st period - Slapshot by Matt Jones.
4:26 of 1st period - Stopped by Darcy Kuemper with a rebound.
4:28 of 1st period - Wrist shot by Taylor Beck.
4:28 of 1st period - Shot Misses the Net.
4:44 of 1st period - Snap shot by Craig Smith.
4:44 of 1st period - Stopped by Jean-Francois Berube with a rebound.
5:20 of 1st period - Brian Dumoulin is hit by Victor Bartley and loses puck.
5:46 of 1st period - Wrist shot by Louis Leblanc.
5:46 of 1st period - Stopped by Darcy Kuemper with a rebound.
5:48 of 1st period - Wrist shot by J.T. Brown.
5:48 of 1st period - Stopped by Darcy Kuemper with a rebound.
5:50 of 1st period - Snap shot by J.T. Brown.
5:50 of 1st period - Shot Blocked by Brian Lashoff.
6:32 of 1st period - Calle Jarnkrok is hit by Jamie Arniel.
6:41 of 1st period - Alexandre Picard is hit by Matt Jones and loses puck.
6:55 of 1st period - Off-side.
6:56 of 1st period - Brock Nelson wins face-off versus Louis Leblanc in neutral zone.
6:58 of 1st period - Minor Penalty to Dylan Olsen for Tripping.
6:59 of 1st period - Tyler Bozak wins face-off versus Petri Kontiola in Harfangs zone.
7:12 of 1st period - Off-side.
7:13 of 1st period - Craig Smith wins face-off versus Tyler Bozak in neutral zone.
7:44 of 1st period - Alexandre Picard is hit by Lukas Krajicek and loses puck.
8:58 of 1st period - Penalty to Dylan Olsen is over, Dylan Olsen is back on ice.
9:09 of 1st period - Wrist shot by Calle Jarnkrok.
9:09 of 1st period - Shot Misses the Net.
9:32 of 1st period - Peter Olvecky is hit by Josh Meyers.
9:36 of 1st period - Louis Leblanc is hit by Brian Lashoff and loses puck.
11:06 of 1st period - Mike Hoffman is hit by Jamie Arniel and loses puck.
12:10 of 1st period - Snap shot by Dustin Jeffrey.
12:10 of 1st period - Shot Blocked by Dustin Kohn.
12:12 of 1st period - Slapshot by Andrew Orpik.
12:12 of 1st period - Deflect By Mike Hoffman.
12:12 of 1st period - Shot Misses the Net.
12:12 of 1st period - Puck is out of play.
12:13 of 1st period - Tyler Bozak wins face-off versus Calle Jarnkrok in Diables zone.
12:28 of 1st period - Slapshot by Alexandre Picard.
12:28 of 1st period - Shot Misses the Net.
12:30 of 1st period - Slapshot by Brian Lashoff.
12:30 of 1st period - Stopped by Jean-Francois Berube with a rebound.
12:32 of 1st period - Snap shot by Dustin Jeffrey.
12:32 of 1st period - Stopped by Jean-Francois Berube with a rebound.
12:44 of 1st period - Brett Maclean is hit by Alexandre Picard.
12:50 of 1st period - Slapshot by Mike Hoffman.
12:50 of 1st period - Shot Misses the Net.
12:52 of 1st period - Slapshot by Brian Lashoff.
12:52 of 1st period - Stopped by Jean-Francois Berube without a rebound.
12:53 of 1st period - Kellan Lain wins face-off versus Petri Kontiola in Diables zone.
13:02 of 1st period - Wrist shot by Steve Quailer.
13:02 of 1st period - Stopped by Darcy Kuemper with a rebound.
13:52 of 1st period - Snap shot by Chris Kreider.
13:52 of 1st period - Shot Misses the Net.
14:56 of 1st period - Slapshot by Peter Olvecky.
14:56 of 1st period - Shot Misses the Net.
15:14 of 1st period - Snap shot by Stefan Ruzicka.
15:14 of 1st period - Stopped by Jean-Francois Berube with a rebound.
15:16 of 1st period - Wrist shot by Brock Nelson.
15:16 of 1st period - Shot Misses the Net.
15:18 of 1st period - Slapshot by Brock Nelson.
15:18 of 1st period - Stopped by Jean-Francois Berube with a rebound.
15:20 of 1st period - Snap shot by Dylan Olsen.
15:20 of 1st period - Shot Blocked by Pavel Valentenko.
15:38 of 1st period - Wrist shot by Dustin Jeffrey.
15:38 of 1st period - Deflect By Mike Hoffman.
15:38 of 1st period - Stopped by Jean-Francois Berube without a rebound.
15:39 of 1st period - Tyler Bozak wins face-off versus Petri Kontiola in Diables zone.
15:39 of 1st period - Tyler Bozak is hit by Brian Lashoff.
16:01 of 1st period - Tyler Bozak is hit by Reid McNeill and loses puck.
16:16 of 1st period - Snap shot by Stefan Ruzicka.
16:16 of 1st period - Shot Misses the Net.
16:27 of 1st period - Icing by Tyler Bozak.
16:28 of 1st period - Craig Smith wins face-off versus Tyler Bozak in Diables zone.
16:39 of 1st period - Wrist shot by Craig Smith.
16:39 of 1st period - Shot Blocked by Brett Maclean.
17:00 of 1st period - Alexandre Picard is hit by Damien Brunner and loses puck.
17:15 of 1st period - Snap shot by Damien Brunner.
17:15 of 1st period - Stopped by Darcy Kuemper with a rebound.
17:33 of 1st period - Slapshot by Pierre-Cédric Labrie.
17:33 of 1st period - Stopped by Darcy Kuemper with a rebound.
17:35 of 1st period - Slapshot by Steve Quailer.
17:35 of 1st period - Goal by Steve Quailer - Diables : 1 - Harfangs : 1.
17:36 of 1st period - Kellan Lain wins face-off versus Craig Smith in neutral zone.
18:03 of 1st period - Slapshot by Matt Jones.
18:03 of 1st period - Shot Blocked by Alexandre Picard.
18:09 of 1st period - Snap shot by Taylor Beck.
18:09 of 1st period - Stopped by Darcy Kuemper without a rebound.
18:10 of 1st period - Brock Nelson wins face-off versus Kellan Lain in Harfangs zone.
18:35 of 1st period - Brian Lashoff is hit by Lukas Krajicek and loses puck.
18:52 of 1st period - Icing by Tomas Kubalik.
18:53 of 1st period - Louis Leblanc wins face-off versus Calle Jarnkrok in Diables zone.
18:53 of 1st period - Louis Leblanc is hit by Calle Jarnkrok.
18:59 of 1st period - Alexandre Picard is hit by J.T. Brown and loses puck.
19:31 of 1st period - Snap shot by Craig Smith.
19:31 of 1st period - Shot Misses the Net.
Goals for this period are 1 for Diables vs 1 for Harfangs.
Shots for this period are 13 for Diables vs 8 for Harfangs.
2nd period
0:01 of 2nd period - Tyler Bozak wins face-off versus Petri Kontiola in neutral zone.
0:30 of 2nd period - Alexandre Picard is hit by Kellan Lain and loses puck.
0:52 of 2nd period - Off-side.
0:53 of 2nd period - Jamie Arniel wins face-off versus Calle Jarnkrok in neutral zone.
1:05 of 2nd period - Off-side.
1:06 of 2nd period - Tyler Bozak wins face-off versus Brock Nelson in neutral zone.
1:09 of 2nd period - Alexandre Picard is hit by Brett Maclean and loses puck.
1:19 of 2nd period - Icing by Chris Kreider.
1:20 of 2nd period - Brock Nelson wins face-off versus Steve Quailer in Harfangs zone.
1:37 of 2nd period - Snap shot by Chris Kreider.
1:37 of 2nd period - Stopped by Jean-Francois Berube without a rebound.
1:38 of 2nd period - Petri Kontiola wins face-off versus Tyler Bozak in Diables zone.
1:53 of 2nd period - Snap shot by Dustin Kohn.
1:53 of 2nd period - Shot Misses the Net.
2:07 of 2nd period - Snap shot by Craig Smith.
2:07 of 2nd period - Stopped by Jean-Francois Berube with a rebound.
2:13 of 2nd period - Snap shot by Kellan Lain.
2:13 of 2nd period - Stopped by Darcy Kuemper with a rebound.
2:15 of 2nd period - Snap shot by Dustin Kohn.
2:15 of 2nd period - Stopped by Darcy Kuemper without a rebound.
2:16 of 2nd period - Brock Nelson wins face-off versus Tyler Bozak in Harfangs zone.
2:16 of 2nd period - Brock Nelson is hit by Damien Brunner.
3:16 of 2nd period - Minor Penalty to Craig Smith for Hooking.
3:17 of 2nd period - Tyler Bozak wins face-off versus Chris Kreider in Harfangs zone.
4:59 of 2nd period - Backhand shot by Alexandre Picard.
4:59 of 2nd period - Shot Misses the Net.
5:16 of 2nd period - Penalty to Craig Smith is over, Craig Smith is back on ice.
6:20 of 2nd period - Slapshot by Dustin Jeffrey.
6:20 of 2nd period - Shot Misses the Net.
6:40 of 2nd period - Pavel Valentenko is hit by Peter Olvecky and loses puck.
7:01 of 2nd period - Jamie Arniel is hit by Tomas Tatar and loses puck.
7:43 of 2nd period - Snap shot by Tyler Bozak.
7:43 of 2nd period - Stopped by Darcy Kuemper with a rebound.
7:45 of 2nd period - Slapshot by Lukas Krajicek.
7:45 of 2nd period - Deflect By Alexandre Picard.
7:45 of 2nd period - Stopped by Darcy Kuemper without a rebound.
7:46 of 2nd period - Petri Kontiola wins face-off versus Brett Maclean in Harfangs zone.
8:12 of 2nd period - Kyle Palmieri is hit by Tyler Bozak and loses puck.
8:37 of 2nd period - Andrew Orpik is hit by Damien Brunner and loses puck.
8:48 of 2nd period - Snap shot by Damien Brunner.
8:48 of 2nd period - Shot Misses the Net.
8:52 of 2nd period - Slapshot by Brett Maclean.
8:52 of 2nd period - Shot Misses the Net.
8:54 of 2nd period - Slapshot by Josh Meyers.
8:54 of 2nd period - Stopped by Darcy Kuemper with a rebound.
8:56 of 2nd period - Slapshot by Brian Dumoulin.
8:56 of 2nd period - Stopped by Darcy Kuemper with a rebound.
8:58 of 2nd period - Wrist shot by Brian Dumoulin.
8:58 of 2nd period - Deflect By Petri Kontiola.
8:58 of 2nd period - Stopped by Darcy Kuemper with a rebound.
9:00 of 2nd period - Snap shot by Damien Brunner.
9:00 of 2nd period - Shot Misses the Net.
9:16 of 2nd period - Slapshot by Tyler Bozak.
9:16 of 2nd period - Shot Misses the Net.
9:18 of 2nd period - Wrist shot by Tyler Bozak.
9:18 of 2nd period - Shot Misses the Net.
9:46 of 2nd period - Snap shot by Tyler Bozak.
9:46 of 2nd period - Shot Misses the Net.
9:48 of 2nd period - Slapshot by Josh Meyers.
9:48 of 2nd period - Shot Blocked by Dylan Olsen.
10:20 of 2nd period - Slapshot by Brett Maclean.
10:20 of 2nd period - Shot Blocked by Dylan Olsen.
10:22 of 2nd period - Wrist shot by Damien Brunner.
10:22 of 2nd period - Shot Misses the Net.
10:41 of 2nd period - Snap shot by Damien Brunner.
10:41 of 2nd period - Shot Hit the Post.
10:43 of 2nd period - Snap shot by Tyler Bozak.
10:43 of 2nd period - Shot Blocked by Dylan Olsen.
10:45 of 2nd period - Snap shot by Damien Brunner.
10:45 of 2nd period - Shot Blocked by Petri Kontiola.
10:49 of 2nd period - Snap shot by Tyler Bozak.
10:49 of 2nd period - Shot Misses the Net.
10:51 of 2nd period - Backhand shot by Damien Brunner.
10:51 of 2nd period - Stopped by Darcy Kuemper with a rebound.
10:53 of 2nd period - Wrist shot by Tyler Bozak.
10:53 of 2nd period - Stopped by Darcy Kuemper without a rebound.
10:54 of 2nd period - Brock Nelson wins face-off versus Kellan Lain in Harfangs zone.
10:59 of 2nd period - Slapshot by Alexandre Picard.
10:59 of 2nd period - Shot Blocked by Lukas Krajicek.
11:09 of 2nd period - Steve Quailer is hit by Chris Kreider and loses puck.
11:32 of 2nd period - Snap shot by Craig Smith.
11:32 of 2nd period - Deflect By Lukas Krajicek.
11:32 of 2nd period - Shot Misses the Net.
11:32 of 2nd period - Puck is out of play.
11:33 of 2nd period - Kellan Lain wins face-off versus Calle Jarnkrok in Diables zone.
11:33 of 2nd period - Kellan Lain is hit by Brian Lashoff.
12:04 of 2nd period - Snap shot by Tomas Kubalik.
12:04 of 2nd period - Goal by Tomas Kubalik - Diables : 2 - Harfangs : 1.
12:05 of 2nd period - Brock Nelson wins face-off versus Kellan Lain in neutral zone.
13:18 of 2nd period - Matt Jones is hit by Chris Kreider and loses puck.
13:51 of 2nd period - Reid McNeill is hit by Louis Leblanc and loses puck.
14:30 of 2nd period - Dylan Olsen is hit by Taylor Beck and loses puck.
14:41 of 2nd period - Lukas Krajicek is hit by Dylan Olsen and loses puck.
15:57 of 2nd period - Icing by Lukas Krajicek.
15:58 of 2nd period - Jamie Arniel wins face-off versus Craig Smith in Diables zone.
16:13 of 2nd period - Dustin Kohn is hit by Dylan Olsen and loses puck.
16:24 of 2nd period - Lukas Krajicek is hit by Kyle Palmieri.
16:28 of 2nd period - Slapshot by Dustin Kohn.
16:28 of 2nd period - Shot Blocked by Victor Bartley.
16:34 of 2nd period - Jamie Arniel is hit by Kyle Palmieri and loses puck.
16:45 of 2nd period - Tomas Kubalik is hit by Reid McNeill.
16:51 of 2nd period - Stefan Ruzicka is hit by Jamie Arniel and loses puck.
17:40 of 2nd period - Minor Penalty to Lukas Krajicek for Hooking.
17:41 of 2nd period - Brett Maclean wins face-off versus Brock Nelson in Diables zone.
17:41 of 2nd period - Brett Maclean is hit by Stefan Ruzicka.
17:48 of 2nd period - Snap shot by Stefan Ruzicka.
17:48 of 2nd period - Shot Misses the Net.
17:50 of 2nd period - Wrist shot by Stefan Ruzicka.
17:50 of 2nd period - Stopped by Jean-Francois Berube with a rebound.
17:52 of 2nd period - Snap shot by Brock Nelson.
17:52 of 2nd period - Stopped by Jean-Francois Berube without a rebound.
17:53 of 2nd period - Brett Maclean wins face-off versus Petri Kontiola in Diables zone.
19:12 of 2nd period - Tomas Tatar is hit by Marc-André Bourdon and loses puck.
19:40 of 2nd period - Penalty to Lukas Krajicek is over, Lukas Krajicek is back on ice.
19:43 of 2nd period - Icing by Alexandre Picard.
19:44 of 2nd period - Taylor Beck wins face-off versus Brock Nelson in Harfangs zone.
Goals for this period are 1 for Diables vs 0 for Harfangs.
Shots for this period are 10 for Diables vs 4 for Harfangs.
3rd period
0:01 of 3rd period - Tyler Bozak wins face-off versus Craig Smith in neutral zone.
0:03 of 3rd period - Lukas Krajicek is hit by Alexandre Picard and loses puck.
0:26 of 3rd period - Minor Penalty to Mike Hoffman for Hooking.
0:27 of 3rd period - Tyler Bozak wins face-off versus Petri Kontiola in Harfangs zone.
0:32 of 3rd period - Snap shot by Damien Brunner.
0:32 of 3rd period - Shot Misses the Net.
0:56 of 3rd period - Wrist shot by Steve Quailer.
0:56 of 3rd period - Shot Hit the Post.
0:58 of 3rd period - Snap shot by Steve Quailer.
0:58 of 3rd period - Stopped by Darcy Kuemper with a rebound.
1:00 of 3rd period - Snap shot by Kellan Lain.
1:00 of 3rd period - Shot Misses the Net.
1:02 of 3rd period - Slapshot by Pierre-Cédric Labrie.
1:02 of 3rd period - Stopped by Darcy Kuemper without a rebound.
1:03 of 3rd period - Tyler Bozak wins face-off versus Craig Smith in Harfangs zone.
1:06 of 3rd period - Wrist shot by Damien Brunner.
1:06 of 3rd period - Stopped by Darcy Kuemper with a rebound.
1:28 of 3rd period - Chris Kreider is hit by Steve Quailer and loses puck.
2:12 of 3rd period - Pavel Valentenko is hit by Tomas Tatar.
2:26 of 3rd period - Penalty to Mike Hoffman is over, Mike Hoffman is back on ice.
2:36 of 3rd period - Snap shot by J.T. Brown.
2:36 of 3rd period - Shot Blocked by Dylan Olsen.
3:11 of 3rd period - Snap shot by Chris Kreider.
3:11 of 3rd period - Goal by Chris Kreider - Diables : 2 - Harfangs : 2.
3:12 of 3rd period - Craig Smith wins face-off versus Tyler Bozak in neutral zone.
3:25 of 3rd period - Slapshot by Craig Smith.
3:25 of 3rd period - Stopped by Jean-Francois Berube with a rebound.
3:27 of 3rd period - Slapshot by Alexandre Picard.
3:27 of 3rd period - Stopped by Jean-Francois Berube with a rebound.
3:37 of 3rd period - Victor Bartley is hit by Pierre-Cédric Labrie and loses puck.
4:16 of 3rd period - Snap shot by Dustin Jeffrey.
4:16 of 3rd period - Shot Blocked by J.T. Brown.
4:22 of 3rd period - Snap shot by Dustin Jeffrey.
4:22 of 3rd period - Shot Blocked by Josh Meyers.
4:24 of 3rd period - Slapshot by Alexandre Picard.
4:24 of 3rd period - Stopped by Jean-Francois Berube with a rebound.
4:40 of 3rd period - Icing by Alexandre Picard.
4:41 of 3rd period - Calle Jarnkrok wins face-off versus Tyler Bozak in Harfangs zone.
4:45 of 3rd period - Minor Penalty to Lukas Krajicek for High sticking.
4:46 of 3rd period - Brett Maclean wins face-off versus Tomas Tatar in Diables zone.
5:36 of 3rd period - Patrick Maroon is hit by Tomas Tatar and loses puck.
5:53 of 3rd period - Victor Bartley is hit by Kellan Lain and loses puck.
6:30 of 3rd period - Chris Kreider is hit by Patrick Maroon and loses puck.
6:45 of 3rd period - Penalty to Lukas Krajicek is over, Lukas Krajicek is back on ice.
7:51 of 3rd period - Petri Kontiola is hit by Tomas Kubalik and loses puck.
8:33 of 3rd period - Wrist shot by Damien Brunner.
8:33 of 3rd period - Deflect By Tomas Kubalik.
8:33 of 3rd period - Shot Misses the Net.
8:33 of 3rd period - Puck is out of play.
8:34 of 3rd period - Calle Jarnkrok wins face-off versus Jamie Arniel in Harfangs zone.
8:54 of 3rd period - Brett Maclean is hit by Kyle Palmieri and loses puck.
9:09 of 3rd period - Kyle Palmieri is hit by Tyler Bozak and loses puck.
9:22 of 3rd period - Snap shot by Steve Quailer.
9:22 of 3rd period - Stopped by Darcy Kuemper with a rebound.
9:24 of 3rd period - Slapshot by Pavel Valentenko.
9:24 of 3rd period - Shot Blocked by Chris Kreider.
9:26 of 3rd period - Snap shot by Pierre-Cédric Labrie.
9:26 of 3rd period - Deflect By Brock Nelson.
9:26 of 3rd period - Stopped by Darcy Kuemper with a rebound.
9:28 of 3rd period - Slapshot by Matt Jones.
9:28 of 3rd period - Shot Misses the Net.
9:30 of 3rd period - Wrist shot by Steve Quailer.
9:30 of 3rd period - Shot Blocked by Dylan Olsen.
9:45 of 3rd period - Snap shot by Chris Kreider.
9:45 of 3rd period - Shot Misses the Net.
10:11 of 3rd period - Slapshot by Alexandre Picard.
10:11 of 3rd period - Stopped by Jean-Francois Berube with a rebound.
10:23 of 3rd period - Slapshot by Pierre-Cédric Labrie.
10:23 of 3rd period - Stopped by Darcy Kuemper with a rebound.
10:25 of 3rd period - Slapshot by Brian Dumoulin.
10:25 of 3rd period - Stopped by Darcy Kuemper with a rebound.
10:27 of 3rd period - Snap shot by Pierre-Cédric Labrie.
10:27 of 3rd period - Shot Blocked by Victor Bartley.
10:31 of 3rd period - Snap shot by Kellan Lain.
10:31 of 3rd period - Deflect By Steve Quailer.
10:31 of 3rd period - Stopped by Darcy Kuemper without a rebound.
10:32 of 3rd period - Tyler Bozak wins face-off versus Emerson Etem in Harfangs zone.
10:36 of 3rd period - Minor Penalty to Craig Smith for Roughing.
10:37 of 3rd period - Calle Jarnkrok wins face-off versus Tyler Bozak in Harfangs zone.
10:53 of 3rd period - Snap shot by Tomas Tatar.
10:53 of 3rd period - Shot Misses the Net.
10:59 of 3rd period - Minor Penalty to Damien Brunner for Roughing.
11:00 of 3rd period - Kyle Palmieri wins face-off versus Brett Maclean in Diables zone.
11:05 of 3rd period - Slapshot by Alexandre Picard.
11:05 of 3rd period - Stopped by Jean-Francois Berube without a rebound.
11:06 of 3rd period - Petri Kontiola wins face-off versus Brett Maclean in Diables zone.
11:07 of 3rd period - Snap shot by Kyle Palmieri.
11:07 of 3rd period - Stopped by Jean-Francois Berube without a rebound.
11:08 of 3rd period - Petri Kontiola wins face-off versus Brett Maclean in Diables zone.
11:09 of 3rd period - Snap shot by Kyle Palmieri.
11:09 of 3rd period - Stopped by Jean-Francois Berube with a rebound.
11:11 of 3rd period - Slapshot by Victor Bartley.
11:11 of 3rd period - Shot Misses the Net.
11:13 of 3rd period - Slapshot by Victor Bartley.
11:13 of 3rd period - Deflect By Kyle Palmieri.
11:13 of 3rd period - Stopped by Jean-Francois Berube with a rebound.
11:15 of 3rd period - Snap shot by Petri Kontiola.
11:15 of 3rd period - Goal by Petri Kontiola - Diables : 2 - Harfangs : 3.
11:16 of 3rd period - Brock Nelson wins face-off versus Brett Maclean in neutral zone.
11:25 of 3rd period - Slapshot by Brock Nelson.
11:25 of 3rd period - Shot Misses the Net.
12:05 of 3rd period - Slapshot by Dustin Kohn.
12:05 of 3rd period - Shot Blocked by Alexandre Picard.
12:36 of 3rd period - Penalty to Craig Smith is over, Craig Smith is back on ice.
12:41 of 3rd period - Petri Kontiola is hit by Pavel Valentenko and loses puck.
12:59 of 3rd period - Penalty to Damien Brunner is over, Damien Brunner is back on ice.
13:13 of 3rd period - Snap shot by Petri Kontiola.
13:13 of 3rd period - Stopped by Jean-Francois Berube without a rebound.
13:14 of 3rd period - Calle Jarnkrok wins face-off versus Kellan Lain in Diables zone.
13:15 of 3rd period - Snap shot by Dustin Jeffrey.
13:15 of 3rd period - Shot Misses the Net.
13:21 of 3rd period - Snap shot by Mike Hoffman.
13:21 of 3rd period - Stopped by Jean-Francois Berube with a rebound.
13:23 of 3rd period - Snap shot by Brian Lashoff.
13:23 of 3rd period - Shot Misses the Net.
13:25 of 3rd period - Wrist shot by Reid McNeill.
13:25 of 3rd period - Deflect By Dustin Jeffrey.
13:25 of 3rd period - Shot Misses the Net.
13:25 of 3rd period - Puck is out of play.
13:26 of 3rd period - Brock Nelson wins face-off versus Tyler Bozak in Diables zone.
14:00 of 3rd period - Snap shot by Peter Olvecky.
14:00 of 3rd period - Deflect By Emerson Etem.
14:00 of 3rd period - Goal by Emerson Etem - Diables : 2 - Harfangs : 4.
14:01 of 3rd period - Craig Smith wins face-off versus Tyler Bozak in neutral zone.
14:26 of 3rd period - Dustin Kohn is hit by Dustin Jeffrey and loses puck.
14:43 of 3rd period - Penalty Shot by Lukas Krajicek for Diables.
14:43 of 3rd period - Snap shot by Lukas Krajicek.
14:43 of 3rd period - Stopped by Darcy Kuemper.
14:44 of 3rd period - Craig Smith wins face-off versus Tyler Bozak in Diables zone.
14:47 of 3rd period - Slapshot by Peter Olvecky.
14:47 of 3rd period - Shot Misses the Net.
15:00 of 3rd period - Minor Penalty to Damien Brunner for Tripping.
15:01 of 3rd period - Brett Maclean wins face-off versus Petri Kontiola in Diables zone.
15:09 of 3rd period - Slapshot by Alexandre Picard.
15:09 of 3rd period - Stopped by Jean-Francois Berube without a rebound.
15:10 of 3rd period - Petri Kontiola wins face-off versus Brett Maclean in Diables zone.
15:38 of 3rd period - Snap shot by Kyle Palmieri.
15:38 of 3rd period - Stopped by Jean-Francois Berube without a rebound.
15:39 of 3rd period - Stefan Ruzicka wins face-off versus Brett Maclean in Diables zone.
17:00 of 3rd period - Penalty to Damien Brunner is over, Damien Brunner is back on ice.
17:13 of 3rd period - Jamie Arniel is hit by Emerson Etem.
17:30 of 3rd period - Mike Hoffman is hit by Taylor Beck and loses puck.
17:49 of 3rd period - Off-side.
17:50 of 3rd period - Tyler Bozak wins face-off versus Kyle Palmieri in neutral zone.
17:52 of 3rd period - Off-side.
17:53 of 3rd period - Petri Kontiola wins face-off versus Tyler Bozak in neutral zone.
18:26 of 3rd period - Snap shot by Brian Lashoff.
18:26 of 3rd period - Deflect By Craig Smith.
18:26 of 3rd period - Shot Misses the Net.
18:26 of 3rd period - Puck is out of play.
18:27 of 3rd period - Emerson Etem wins face-off versus Tyler Bozak in Diables zone.
18:28 of 3rd period - Snap shot by Craig Smith.
18:28 of 3rd period - Stopped by Jean-Francois Berube with a rebound.
18:30 of 3rd period - Snap shot by Peter Olvecky.
18:30 of 3rd period - Stopped by Jean-Francois Berube without a rebound.
18:31 of 3rd period - Craig Smith wins face-off versus Tyler Bozak in Diables zone.
18:35 of 3rd period - Minor Penalty to Peter Olvecky for Tripping.
18:36 of 3rd period - Petri Kontiola wins face-off versus Tyler Bozak in Harfangs zone.
19:08 of 3rd period - Slapshot by Matt Jones.
19:08 of 3rd period - Stopped by Darcy Kuemper with a rebound.
19:10 of 3rd period - Backhand shot by Steve Quailer.
19:10 of 3rd period - Shot Misses the Net.
19:12 of 3rd period - Snap shot by Steve Quailer.
19:12 of 3rd period - Shot Misses the Net.
Goals for this period are 0 for Diables vs 3 for Harfangs.
Shots for this period are 9 for Diables vs 17 for Harfangs.
Output by the SimonT Hockey Simulator (STHS) for François Prévost -- Original Page W3C XHTML 1.0 Valid